 Dungeon Sprint DCSS version 0.21.1-1-g345015f (webtiles) character file.

0 Fang the Skirmisher (level 1, -1/14 HPs)
             Began as a Gargoyle Berserker on July 23, 2018.
             Was a Follower of Trog.
             Slain by a gnoll
             ... wielding a +0 halberd
              (9 damage)
             ... in the Dungeon (Sprint VII: "The Pits").
             The game lasted 00:00:13 (61 turns).

Fang the Skirmisher (Gargoyle Berserker)              Turns: 61, Time: 00:00:14

Health: -1/14      AC:  4    Str: 20    XL:     1   Next: 10%
Magic:  1/1        EV: 12    Int:  7    God:    Trog [*.....]
Gold:   0          SH:  0    Dex:  9    Spells: 0/0 levels left

rFire    . . .     SeeInvis .   j - +2 hand axe
rCold    . . .     Gourm    .   (no shield)
rNeg     + . .     Faith    .   b - +0 animal skin
rPois    ∞         Spirit   .   (no helmet)
rElec    +         Reflect  .   (no cloak)
rCorr    .         Harm     .   (no gloves)
MR       .....     NoTele   +   (no boots)
Stlth    +.........             (no amulet)
HPRegen  0.04/turn              (no ring)
MPRegen  0.07/turn              (no ring)

@: no status effects
A: negative energy resistance 1, electricity resistance, unbreathing,
petrification resistance, rot immunity, AC +2
a: Berserk, Burn Spellbooks, Renounce Religion


You were in the Dungeon.
You worshipped Trog.
Trog was aware of your devotion.
You were not hungry.

You visited 1 branch

Inventory:

Hand Weapons
 j - a +2 hand axe (weapon)
Armour
 b - a +0 animal skin (worn)
Scrolls
 i - a scroll of blinking
 k - 3 scrolls of remove curse
 l - a scroll of summoning
Potions
 a - 2 potions of invisibility
 d - a potion of curing
 e - a potion of heal wounds
 f - a potion of haste
 g - 4 potions of magic
 h - 3 potions of berserk rage
Comestibles
 c - 9 rations


   Skills:
 + Level 3.5 Fighting
 + Level 2.8 Axes
 + Level 2.2 Armour
 + Level 1.6 Dodging


You couldn't memorise any spells.
You didn't know any spells.

Dungeon Overview and Level Annotations

Branches:
Dungeon (1/1)

Altars:
Cheibriados
Dithmenos
Elyvilon
Fedhas
Gozag
Hepliaklqana
Makhleb
Nemelex Xobeh
Okawaru
Qazlal
Ru
Sif Muna
Trog
Vehumet
Wu Jian
Xom
Yredelemnul
Zin
The Shining One
Beogh
Jiyva
Lugonu


Innate Abilities, Weirdness & Mutations

You are resistant to torment.
Your stone body is resilient. (AC +2)
You are immune to poison.
You resist negative energy. (rN+)
You are resistant to electric shocks. (rElec)
You can survive without breathing.
You are immune to petrification.
You are immune to rotting.


Message History

Things that are here:
a +2 quarterstaff; a +2 trident
Things that are here:
a +2 falchion; a +2 dagger
There is an open door here.
As you open the door, it creaks loudly!
An adder and a gnoll come into view.
The gnoll shouts!
The adder bites you but does no damage.
You hit the adder.
The adder is moderately wounded.
The adder bites you.
You miss the adder.
The adder is moderately wounded.
The gnoll closely misses you. The adder bites you. x2
You barely miss the adder.
The adder is moderately wounded.
The gnoll hits you from afar with a halberd!
Ouch! That really hurt!
You die...

########## ________.#
________.#
______...###########++
##########'##...........
#.?(.')))'.##......#..#.
##########.##...........
#......@...†'...........
#+#####S#####......#..#.
#g# #........... #.#
####'#####++ +.#
#.......# ### #.......#
#.......# #...<...#
#.......#


You could see a gnoll and an adder.

Vanquished Creatures
  A frilled lizard (D)
1 creature vanquished.

Notes
Turn   | Place    | Note
-------+----------+-------------------------------------------
     0 | D        | Fang the Gargoyle Berserker began the quest for the Orb.
     0 | D        | Reached XP level 1. HP: 14/14 MP: 1/1
    18 | D        | Found a bloodstained altar of Trog.
    18 | D        | Found a deep blue altar of Sif Muna.
    18 | D        | Found a viscous altar of Jiyva.
    18 | D        | Found a hazy altar of Hepliaklqana.
    18 | D        | Found an opulent altar of Gozag.
    19 | D        | Found a glowing golden altar of the Shining One.
    19 | D        | Found a glowing silver altar of Zin.
    19 | D        | Found a basalt altar of Yredelemnul.
    19 | D        | Found a shimmering altar of Xom.
    19 | D        | Found an ornate altar of the Wu Jian Council.
    19 | D        | Found a sacrificial altar of Ru.
    19 | D        | Found a stormy altar of Qazlal.
    19 | D        | Found an iron altar of Okawaru.
    19 | D        | Found a sparkling altar of Nemelex Xobeh.
    19 | D        | Found a burning altar of Makhleb.
    19 | D        | Found a blossoming altar of Fedhas.
    19 | D        | Found a white marble altar of Elyvilon.
    19 | D        | Found a shadowy altar of Dithmenos.
    19 | D        | Found a snail-covered altar of Cheibriados.
    21 | D        | Found a radiant altar of Vehumet.
    21 | D        | Found a corrupted altar of Lugonu.
    21 | D        | Found a roughly hewn altar of Beogh.
    61 | D        | Slain by a gnoll

Action                   || total
-------------------------++-------
Melee: Hand axe          ||     4
Armor: Animal skin       ||     1
Dodge: Dodged            ||     1
